TOP OF THE 1ST |
---|
Athens Assassins batting - Pitching for Scottsdale Scorpions : LHP António Rodríguez | Pitching: LHP António Rodríguez | | Batting: RHB Júlio Castillo | 0-0: Fly out, F7 (Flyball, 7LSF) | Batting: RHB Jorge Loanos | 0-0: Ball 1-0: Ball 2-0: Ball 3-0: Base on Balls | Batting: RHB John Jones | 0-0: Ball 1-0: Ball 2-0: Called Strike 2-1: Foul Ball, location: 2F 2-2: Foul Ball, location: 2F 2-2: Fly out, F5 (Line Drive, 5S) | Batting: RHB Foster Hapgood | 0-0: Swinging Strike 0-1: Swinging Strike 0-2: Strikes out swinging | Top of the 1st over - 0 runs, 0 hits, 0 errors, 1 left on base; Athens 0 - Scottsdale 0 | BOTTOM OF THE 1ST |
---|
Scottsdale Scorpions batting - Pitching for Athens Assassins : RHP Corey Brown | Pitching: RHP Corey Brown | | Batting: LHB Ernesto Hernández | 0-0: Foul Ball, location: 2F 0-1: Ball 1-1: Ball 2-1: Called Strike 2-2: Ground out 6-3 (Groundball, 6) | Batting: RHB Alan Evans | 0-0: Ball 1-0: Swinging Strike 1-1: Ground out 5-3 (Groundball, 56) | Batting: LHB Pedro Díaz | 0-0: Ball 1-0: Ball 2-0: Ball 3-0: Base on Balls | Batting: SHB Arnold Moore | 0-0: Foul Ball, location: 2F 0-1: Ball 1-1: Foul Ball, location: 2F 1-2: Ball 2-2: 2-RUN HOME RUN (Flyball, 9LD), Distance : 329 ft | Batting: RHB Steve Boyer | 0-0: Swinging Strike 0-1: Called Strike 0-2: Ball 1-2: Ground out 4-3 (Groundball, 4S) | Bottom of the 1st over - 2 runs, 1 hit, 0 errors, 0 left on base; Athens 0 - Scottsdale 2 | TOP OF THE 2ND |
---|
Athens Assassins batting - Pitching for Scottsdale Scorpions : LHP António Rodríguez | Batting: LHB Roy Woods | 0-0: Fly out, F5 (Popup, 5F) | Batting: RHB Maximino Abbado | 0-0: Ball 1-0: Called Strike 1-1: Swinging Strike 1-2: Strikes out swinging | Batting: RHB Luis López | 0-0: Called Strike 0-1: Swinging Strike 0-2: Strikes out swinging | Top of the 2nd over - 0 runs, 0 hits, 0 errors, 0 left on base; Athens 0 - Scottsdale 2 | BOTTOM OF THE 2ND |
---|
Scottsdale Scorpions batting - Pitching for Athens Assassins : RHP Corey Brown | Batting: LHB Clayton Bailey | 0-0: Fly out, F6 (Line Drive, 6M) | Batting: LHB Tony Ayala | 0-0: Called Strike 0-1: Ball 1-1: Ball 2-1: Ball 3-1: Base on Balls | Batting: RHB Ronald Smith | 0-0: Called Strike Tony Ayala steals 2nd base 0-1: Ball 1-1: Reached on error, E3 (Groundball, 3L) Tony Ayala to third | Batting: RHB José Méndez | 0-0: Called Strike 0-1: Ball 1-1: Fly out, F7 (Flyball, 7D) Runner from 3rd tags up, SCORES, throw made | Batting: LHB Ernesto Hernández | 0-0: Ball 1-0: Hit by Pitch Ronald Smith to second | Batting: RHB Alan Evans | 0-0: Ball 1-0: Called Strike 1-1: Called Strike 1-2: Ball 2-2: Ground out 6-3 (Groundball, 6MS) | Bottom of the 2nd over - 1 run, 0 hits, 1 error, 2 left on base; Athens 0 - Scottsdale 3 | TOP OF THE 3RD |
---|
Athens Assassins batting - Pitching for Scottsdale Scorpions : LHP António Rodríguez | Batting: RHB Kiyonaga Ogawa | 0-0: Ball 1-0: SINGLE (Groundball, 6MD) | Batting: RHB Britt Short | 0-0: Swinging Strike 0-1: Ball 1-1: Swinging Strike 1-2: Strikes out swinging | Batting: RHB Júlio Castillo | 0-0: Swinging Strike 0-1: Swinging Strike 0-2: Ball 1-2: Ball 2-2: Strikes out swinging | Batting: RHB Jorge Loanos | 0-0: Called Strike 0-1: Fielders Choice at 2nd, 6-4 (Groundball, 6) | Top of the 3rd over - 0 runs, 1 hit, 0 errors, 1 left on base; Athens 0 - Scottsdale 3 | BOTTOM OF THE 3RD |
---|
Scottsdale Scorpions batting - Pitching for Athens Assassins : RHP Corey Brown | Batting: LHB Pedro Díaz | 0-0: Ball 1-0: Foul Ball, location: 2F 1-1: DOUBLE (Groundball, 3L) - OUT at third base trying to stretch hit. | Batting: SHB Arnold Moore | 0-0: Called Strike 0-1: Ball 1-1: Called Strike 1-2: Foul Ball, location: 2F 1-2: Ball 2-2: Ball 3-2: Base on Balls | Batting: RHB Steve Boyer | 0-0: Called Strike 0-1: Ball 1-1: SINGLE (Line Drive, 4D) Arnold Moore to second | Batting: LHB Clayton Bailey | 0-0: Ball 1-0: Foul Ball, location: 2F 1-1: Ball 2-1: Grounds into double play, 4-6-3 (Groundball, 4) | Bottom of the 3rd over - 0 runs, 2 hits, 0 errors, 1 left on base; Athens 0 - Scottsdale 3 | TOP OF THE 4TH |
---|
Athens Assassins batting - Pitching for Scottsdale Scorpions : LHP António Rodríguez | Batting: RHB John Jones | 0-0: Called Strike 0-1: Ball 1-1: Ball 2-1: Ball 3-1: Foul Ball, location: 2F 3-2: Foul Ball, location: 2F 3-2: Ground out 1-3 (Groundball, P) | Batting: RHB Foster Hapgood | 0-0: Fly out, F8 (Flyball, 8LM) | Batting: LHB Roy Woods | 0-0: Called Strike 0-1: Swinging Strike 0-2: Ball 1-2: Foul Ball, location: 2F 1-2: Foul Ball, location: 2F 1-2: Strikes out swinging | Top of the 4th over - 0 runs, 0 hits, 0 errors, 0 left on base; Athens 0 - Scottsdale 3 | BOTTOM OF THE 4TH |
---|
Scottsdale Scorpions batting - Pitching for Athens Assassins : RHP Corey Brown | Batting: LHB Tony Ayala | 0-0: Ball 1-0: Called Strike 1-1: Foul Ball, location: 2F 1-2: Fly out, F4 (Popup, 4MD) | Batting: RHB Ronald Smith | 0-0: Ball 1-0: Foul Ball, location: 2F 1-1: Ground out 4-3 (Groundball, 34) | Batting: RHB José Méndez | 0-0: Ball 1-0: Ball 2-0: Foul Ball, location: 2F 2-1: Called Strike 2-2: Foul Ball, location: 2F 2-2: Ball 3-2: Fly out, F9 (Flyball, 9) | Bottom of the 4th over - 0 runs, 0 hits, 0 errors, 0 left on base; Athens 0 - Scottsdale 3 | TOP OF THE 5TH |
---|
Athens Assassins batting - Pitching for Scottsdale Scorpions : LHP António Rodríguez | Batting: RHB Maximino Abbado | 0-0: Ground out 3-1 (Groundball, 34) | Batting: RHB Luis López | 0-0: Ball 1-0: Ball 2-0: Ball 3-0: Called Strike 3-1: Base on Balls | Batting: RHB Kiyonaga Ogawa | 0-0: Called Strike 0-1: Fielders Choice at 2nd, 1-6 (Groundball, P) | Now at SS: Robinson Fernández | | Batting: RHB Britt Short | 0-0: Ball 1-0: Ball 2-0: SINGLE (Groundball, 56D) Kiyonaga Ogawa to second | Batting: RHB Júlio Castillo | 0-0: Foul Ball, location: 2F 0-1: Foul Ball, location: 2F 0-2: Strikes out swinging | Top of the 5th over - 0 runs, 1 hit, 0 errors, 2 left on base; Athens 0 - Scottsdale 3 | BOTTOM OF THE 5TH |
---|
Scottsdale Scorpions batting - Pitching for Athens Assassins : RHP Corey Brown | Batting: LHB Ernesto Hernández | 0-0: Ball 1-0: Fly out, F8 (Line Drive, 8LM) | Batting: RHB Alan Evans | 0-0: Ball 1-0: Ground out 6-3 (Groundball, 6) | Batting: LHB Pedro Díaz | 0-0: Ball 1-0: SINGLE (Line Drive, 9LS) | Batting: SHB Arnold Moore | 0-0: Ball 1-0: Foul Ball, location: 2F 1-1: Ground out 4-3 (Groundball, 4) | Bottom of the 5th over - 0 runs, 1 hit, 0 errors, 1 left on base; Athens 0 - Scottsdale 3 | TOP OF THE 6TH |
---|
Athens Assassins batting - Pitching for Scottsdale Scorpions : LHP António Rodríguez | Batting: RHB Jorge Loanos | 0-0: Bunt missed! 0-1: Ball 1-1: Ball 2-1: Called Strike 2-2: Ball 3-2: Base on Balls | Batting: RHB John Jones | 0-0: Ball 1-0: Ball 2-0: Called Strike 2-1: Fly out, F9 (Flyball, 9LMF) | Batting: RHB Foster Hapgood | 0-0: Swinging Strike 0-1: Ball 1-1: Fly out, F8 (Flyball, 8RD) | Batting: LHB Roy Woods | 0-0: Swinging Strike 0-1: Foul Ball, location: 2F 0-2: Ball 1-2: Strikes out swinging | Top of the 6th over - 0 runs, 0 hits, 0 errors, 1 left on base; Athens 0 - Scottsdale 3 | BOTTOM OF THE 6TH |
---|
Scottsdale Scorpions batting - Pitching for Athens Assassins : RHP Corey Brown | Batting: RHB Steve Boyer | 0-0: Ball 1-0: Called Strike 1-1: Ball 2-1: Foul Ball, location: 2F 2-2: Ball 3-2: Foul Ball, location: 2F 3-2: Fly out, F8 (Flyball, 8RM) | Batting: LHB Clayton Bailey | 0-0: Ball 1-0: Called Strike 1-1: SOLO HOME RUN (Flyball, 89XD), Distance : 365 ft | Batting: LHB Tony Ayala | 0-0: Foul Ball, location: 2F 0-1: Foul Ball, location: 2F 0-2: Ball 1-2: Ground out 6-3 (Groundball, 56) | Batting: RHB Robinson Fernández | 0-0: Called Strike 0-1: Ground out U3 (Groundball, 34S) | Bottom of the 6th over - 1 run, 1 hit, 0 errors, 0 left on base; Athens 0 - Scottsdale 4 | TOP OF THE 7TH |
---|
Athens Assassins batting - Pitching for Scottsdale Scorpions : LHP António Rodríguez | Batting: RHB Maximino Abbado | 0-0: Ball 1-0: Swinging Strike 1-1: Ball 2-1: Ball 3-1: Foul Ball, location: 2F 3-2: Strikes out swinging | Batting: RHB Luis López | 0-0: Called Strike 0-1: Ball 1-1: Foul Ball, location: 2F 1-2: SINGLE (Line Drive, 6D) | Batting: RHB Kiyonaga Ogawa | 0-0: Called Strike 0-1: Ball 1-1: Called Strike 1-2: Strikes out swinging | Batting: RHB Britt Short | 0-0: Called Strike 0-1: Called Strike 0-2: Foul Ball, location: 2F 0-2: Strikes out swinging, 2-3 out at first. | Top of the 7th over - 0 runs, 1 hit, 0 errors, 1 left on base; Athens 0 - Scottsdale 4 | BOTTOM OF THE 7TH |
---|
Scottsdale Scorpions batting - Pitching for Athens Assassins : RHP Corey Brown | Batting: RHB José Méndez | 0-0: Called Strike 0-1: Ball 1-1: Foul Ball, location: 2F 1-2: Foul Ball, location: 2F 1-2: Foul Ball, location: 2F 1-2: Ball 2-2: Ground out 6-3 (Groundball, 6) | Batting: LHB Ernesto Hernández | 0-0: Ball 1-0: Foul Ball, location: 2F 1-1: SINGLE (Line Drive, 7S) | Pitching: RHP James Mantle | | Batting: RHB Alan Evans | 0-0: Called Strike 0-1: Swinging Strike 0-2: Strikes out swinging | Batting: LHB Pedro Díaz | 0-0: Ball Ernesto Hernández steals 2nd base 1-0: Foul Ball, location: 2F 1-1: Ball 2-1: Swinging Strike 2-2: Foul Ball, location: 2F 2-2: Ball 3-2: Base on Balls | Batting: SHB Arnold Moore | 0-0: Ball 1-0: Ball 2-0: Called Strike 2-1: Ball 3-1: Base on Balls Ernesto Hernández to third Pedro Díaz to second | Batting: RHB Steve Boyer | 0-0: Ball 1-0: Ball 2-0: Ball 3-0: Base on Balls Ernesto Hernández scores Pedro Díaz to third Arnold Moore to second | Batting: LHB Clayton Bailey | 0-0: Called Strike 0-1: Ball 1-1: Ball 2-1: Foul Ball, location: 2F 2-2: Strikes out looking | Bottom of the 7th over - 1 run, 1 hit, 0 errors, 3 left on base; Athens 0 - Scottsdale 5 | TOP OF THE 8TH |
---|
Athens Assassins batting - Pitching for Scottsdale Scorpions : LHP António Rodríguez | Batting: RHB Júlio Castillo | 0-0: Called Strike 0-1: Fly out, F9 (Flyball, 89M) | Pitching: RHP José Amaya | | Batting: RHB Jorge Loanos | 0-0: Ball 1-0: Swinging Strike 1-1: Swinging Strike 1-2: Strikes out swinging | Batting: RHB John Jones | 0-0: Ball 1-0: Ball 2-0: Fly out, F7 (Flyball, 7S) | Top of the 8th over - 0 runs, 0 hits, 0 errors, 0 left on base; Athens 0 - Scottsdale 5 | BOTTOM OF THE 8TH |
---|
Scottsdale Scorpions batting - Pitching for Athens Assassins : RHP James Mantle | Batting: LHB Tony Ayala | 0-0: Called Strike 0-1: Ball 1-1: Called Strike 1-2: Strikes out swinging | Batting: RHB Robinson Fernández | 0-0: Ball 1-0: Ball 2-0: Ball 3-0: Base on Balls | Batting: RHB José Méndez | 0-0: Called Strike 0-1: Called Strike 0-2: Ball 1-2: Strikes out swinging | Batting: LHB Ernesto Hernández | 0-0: Ball 1-0: Ball 2-0: Ball Robinson Fernández steals 2nd base 3-0: Called Strike 3-1: Ground out 6-3 (Groundball, 6) | Bottom of the 8th over - 0 runs, 0 hits, 0 errors, 1 left on base; Athens 0 - Scottsdale 5 | TOP OF THE 9TH |
---|
Athens Assassins batting - Pitching for Scottsdale Scorpions : RHP José Amaya | Batting: RHB Foster Hapgood | 0-0: Ball 1-0: Swinging Strike 1-1: Called Strike 1-2: Hit by Pitch | Batting: LHB Roy Woods | 0-0: Ball 1-0: Foul Ball, location: 2F 1-1: Ball 2-1: Ball 3-1: Base on Balls Foster Hapgood to second | Batting: RHB Maximino Abbado | 0-0: Ball 1-0: Called Strike 1-1: Foul Ball, location: 2F 1-2: Foul Ball, location: 2F 1-2: Foul Ball, location: 2F 1-2: Hit by Pitch Foster Hapgood to third Roy Woods to second | Pitching: RHP José Estrada | | Batting: RHB Luis López | 0-0: Ball 1-0: Called Strike 1-1: Ball 2-1: Foul Ball, location: 2F 2-2: Fly out, F8 (Flyball, 8LD) Runner from 3rd tags up, SCORES, no throw | Batting: RHB Kiyonaga Ogawa | 0-0: Called Strike 0-1: Called Strike 0-2: Ball 1-2: Hit by Pitch Roy Woods to third Maximino Abbado to second | Pinch Runner at 1st James Anderson: | | Pinch Hitting: LHB Brian Turner | 0-0: Foul Ball, location: 2F 0-1: Foul Ball, location: 2F 0-2: Ball 1-2: SINGLE (Groundball, 56S) (infield hit) Roy Woods scores Maximino Abbado to third James Anderson to second | Pinch Hitting: LHB Xavier Smith | 0-0: Foul Ball, location: 2F 0-1: Ball 1-1: Ball 2-1: Swinging Strike 2-2: Foul Ball, location: 2F 2-2: Ball 3-2: Fly out, F8 (Flyball, 78M) Runner from 3rd tags up, SCORES, no throw | Batting: RHB Jorge Loanos | 0-0: Ball 1-0: Foul Ball, location: 2F 1-1: Ball 2-1: Swinging Strike 2-2: Foul Ball, location: 2F 2-2: Ball 3-2: Strikes out swinging | Top of the 9th over - 3 runs, 1 hit, 0 errors, 2 left on base; Athens 3 - Scottsdale 5 | |